 Dungeon Crawl Stone Soup version 0.29.1-4-g47bece8355 (webtiles) character file.

Game seed: 4000266202657761631

2 DoIIoM the Caller (level 1, 0/11 HPs)
             Began as an Octopode Summoner on Dec 2, 2022.
             Constricted to death by a ball python (1 damage)
             ... on level 1 of the Dungeon.
             The game lasted 00:00:11 (76 turns).

DoIIoM the Caller (Octopode Summoner)                 Turns: 76, Time: 00:00:12

Health: 0/11       AC:  1    Str:  7    XL:     1   Next: 40%
Magic:  2/3        EV: 10    Int: 17    God:
Gold:   0          SH:  0    Dex: 12    Spells: 3/4 levels left

rFire   . . .      SeeInvis .   (no weapon)
rCold   . . .      Faith    .   (no shield)
rNeg    . . .      Spirit   .   (helmet restricted)
rPois   .          Reflect  .   (no amulet)
rElec   .          Harm     .   (no ring)
rCorr   .          Rampage  .   (no ring)
Will    .....                   (no ring)
Stlth   +++.......              (no ring)
HPRegen 0.03/turn               (no ring)
MPRegen 0.08/turn               (no ring)
                                (no ring)
                                (no ring)

@: constricted
A: almost no armour, amphibious, 8 rings, camouflage 1, gelatinous body 1,
(nimble swimmer 1), tentacles
a: no special abilities


You were on level 1 of the Dungeon.
You visited 1 branch of the dungeon, and saw 1 of its levels.

Inventory:

Scrolls
 b - a scroll of fear {unknown}
Potions
 a - a potion of magic


   Skills:
 - Level 2.0 Dodging
 + Level 2.8 Stealth
 + Level 2.0 Spellcasting
 + Level 4.0 Summonings


You had 3 spell levels left.
You knew the following spells:

 Your Spells              Type           Power      Damage    Failure   Level
a - Summon Small Mammal   Summ           60%        N/A       3%          1

Your spell library contained the following spells:

 Spells                   Type           Power      Damage    Failure   Level
 Call Imp                 Summ           15%        N/A       5%          2
 Call Canine Familiar     Summ           15%        N/A       11%         3
 Summon Guardian Golem    Hex/Summ       8%         N/A       26%         3
 Summon Lightning Spire   Summ/Air       8%         N/A       63%         4


Dungeon Overview and Level Annotations

Branches:
Dungeon (1/15)

Altars:


Innate Abilities, Weirdness & Mutations

You cannot wear most types of armour.
You are amphibious.
You can wear up to eight rings at the same time.
Your skin changes colour to match your surroundings (Stealth+).
Your rubbery body absorbs attacks. (AC +1, EV +1)
((You are camouflaged when in or above water. (Stealth+)))
You have tentacles for arms and can constrict up to eight enemies at once.


Message History

You tentacle-slap the giant cockroach but do no damage.
You grab the giant cockroach. You constrict the giant cockroach.
The giant cockroach closely misses you.
You tentacle-slap the giant cockroach but do no damage.
The giant cockroach is lightly wounded.
You constrict the giant cockroach, but do no damage.
The giant cockroach bites you.
A frilled lizard comes into view.
The frilled lizard hisses angrily.
You tentacle-slap the giant cockroach but do no damage.
You squeeze the giant cockroach.
You kill the giant cockroach!
Casting: Summon Small Mammal (safe; 3% risk of failure)
Confirm with . or Enter, or press ? or * to list all spells.
Your bat hits the hobgoblin but does no damage.
The hobgoblin hits you.
* * * LOW HITPOINT WARNING * * *
You are too injured to fight recklessly!
Unknown command.
You closely miss the hobgoblin. You grab the hobgoblin.
You constrict the hobgoblin. Your bat hits the hobgoblin.
The hobgoblin completely misses you.
Unknown command.
You tentacle-slap the hobgoblin but do no damage.
You squeeze the hobgoblin.
You kill the hobgoblin!
Your bat hits the frilled lizard.
Unknown command.
You miss the frilled lizard. Your grab misses the frilled lizard.
Your squeeze misses the frilled lizard.
The frilled lizard is heavily wounded.
Your bat misses the frilled lizard. The frilled lizard bites you.
* * * LOW HITPOINT WARNING * * *
Unknown command.
You closely miss the frilled lizard. Your grab misses the frilled lizard.
The frilled lizard is heavily wounded.
Your bat completely misses the frilled lizard.
The ball python closely misses you. The ball python grabs you.
The ball python constricts you.
You die...

...#.#
######..#.#
..........#
..........#
..........#
.....b....#
S.....(S..####..#
#l@$......#
#.#.....#.#
#.#.#.....#
#.#.##..#.. #.#.#
#.# . #########
#.#.. .#
........# #.### #
........# #.#
........# #.#


You could see a ball python, a frilled lizard (ally target) and a friendly bat
(summoned).

Vanquished Creatures
  A giant cockroach (D:1)
  A hobgoblin (D:1)
2 creatures vanquished.

Notes
Turn   | Place    | Note
-------+----------+-------------------------------------------
     0 | D:1      | DoIIoM the Octopode Summoner began the quest for the Orb.
     0 | D:1      | Reached XP level 1. HP: 11/11 MP: 3/3
    76 | D:1      | Constricted to death by a ball python

Illustrated notes

Levels and vault maps discovered:
D:1:      wander_arrival_peaceful_grave, layout_basic, serial_shops,
          nicolae_shop_advertising_works [nicolae_subvault_shop_adworks]

Action                   || total
-------------------------++-------
Melee: Unarmed           ||     8
       Tentacles         ||     3
       Constrict         ||     2
 Cast: Summon Small Mamm ||     1
Dodge: Dodged            ||     3
